 Dungeon Crawl Stone Soup version 0.20-a0-2-g2b0e13a (webtiles) character file.

65 varam the Ruffian (level 3, -1/36 HPs)
             Began as a Troll Monk on Oct 29, 2016.
             Slain by a gnoll (9 damage)
             ... on level 2 of the Dungeon.
             The game lasted 00:01:34 (944 turns).

varam the Ruffian (Troll Monk)                       Turns: 944, Time: 00:01:35

Health: -1/36      AC:  5    Str: 19    XL:     3   Next: 94%
Magic:  2/2        EV: 11    Int:  6    God:
Gold:   103        SH:  0    Dex: 13    Spells: 0 memorised, 2 levels left

rFire  . . .     SeeInvis .       - Unarmed
rCold  . . .     Gourm    +     a - +0 robe
rNeg   . . .     Faith    .     (no shield)
rPois  .         Spirit   .     (helmet restricted)
rElec  .         Reflect  .     (no cloak)
rCorr  .         Harm     .     (gloves unavailable)
MR     .....                    (boots unavailable)
Stlth  ++........               (no amulet)
                                (no ring)
                                (no ring)

@: no status effects
A: unfitting armour, claws 3, fast metabolism 3, gourmand, regeneration 1,
shaggy fur 1, tough skin 2
a: no special abilities


You were on level 2 of the Dungeon.
You were completely stuffed.

You visited 1 branch of the dungeon, and saw 2 of its levels.

You collected 103 gold pieces.

Inventory:

Missiles
 h - 8 large rocks (quivered)
Armour
 a - a +0 robe (worn)
Scrolls
 e - 2 scrolls of identify {unknown}
 g - 4 scrolls of remove curse {unknown}
 i - a scroll of enchant armour {unknown}
 j - a scroll of random uselessness {unknown}
 m - a scroll of fog {unknown}
 o - a scroll of fear {unknown}
Potions
 d - a potion of agility {unknown}
 k - a potion of curing {unknown}
 n - a potion of might {unknown}
 p - a potion of flight {unknown}
Comestibles
 b - 2 bread rations
 c - a meat ration
 f - 6 chunks of flesh
 l - 5 fruits


   Skills:
 - Level 2.4 Fighting
 - Level 2.7 Dodging
 - Level 1.0 Stealth
 + Level 4.5 Unarmed Combat


You had 2 spell levels left.
You didn't know any spells.

Dungeon Overview and Level Annotations

Branches:
Dungeon (2/15)

Altars:


Innate Abilities, Weirdness & Mutations

You are too large for most types of armour.
You have claws for hands.
Your metabolism is lightning-fast.
You like to eat raw meat.
Your natural rate of healing is unusually fast.
You are covered in fur. (AC +1)
You have very tough skin. (AC +2)


Message History

The gnoll shouts!
The gnoll throws a throwing net.
The throwing net hits you.
You become entangled in the net!
You see here a throwing net.
You struggle against the net.
You tear a large gash into the net.
The gnoll hits you but does no damage.
You shred the net and break free! The gnoll closely misses you.
The gnoll hits you with an enchanted whip!
You scratch the gnoll.
The gnoll is heavily wounded.
The gnoll hits you but does no damage. The gnoll hits you with a whip.
The gnoll completely misses you.
You barely miss the gnoll.
The gnoll is heavily wounded.
The gnoll hits you. The gnoll hits you but does no damage.
The gnoll hits you with an enchanted whip!
The gnoll hits you with an enchanted whip!
* * * LOW HITPOINT WARNING * * *
You barely miss the gnoll. The gnoll hits you!
You die...

....#.###g# #.#####..##.##.
..#......# #.####.........
###.#####.# #.##.....##.##..
#...# #.##.##..#### # #...#
#........... #...#
####.######## #...# #..# .
#...######### #.#########.#
#...#......รท# #@# #.......#
##...#.#####.# #g# #.....$.#
.............# #.###.......#
.............###..gg........
.............#.....#.......#
##...#.##.##.#.###.#.......#
#...#......<#. #.#.......#
#...####.#### #.##......#
#...#......# ..# .####.#


You could see a gnoll.

Vanquished Creatures
  2 adders (D:2)
  An ooze (D:1)
  A dart slug (D:1)
  A giant cockroach (D:1)
  7 goblins
  A hobgoblin (D:1)
  8 kobolds
  A ball python (D:2)
  7 bats
  3 frilled lizards (D:1)
  10 rats
42 creatures vanquished.

Notes
Turn   | Place    | Note
-------+----------+-------------------------------------------
     0 | D:1      | varam the Troll Monk began the quest for the Orb.
     0 | D:1      | Reached XP level 1. HP: 22/22 MP: 0/0
    65 | D:1      | Reached XP level 2. HP: 29/29 MP: 1/1
   423 | D:1      | Reached XP level 3. HP: 35/36 MP: 2/2
   596 | D:1      | Reached skill level 4 in Unarmed Combat
   944 | D:2      | Slain by a gnoll

Vault maps used:
D:1:      minmay_arrival_five_plusses, minmay_small_reverse_x
D:2:      minmay_tetromino_i2

Skill      XL: |  1  2  3 |
---------------+----------+-----
Unarmed Combat | 4 |  4.5
Fighting       | |  2.4
Dodging        | |  2.7
Stealth        | |  1.0

Action                   || total
-------------------------++-------
Melee: Unarmed           ||   110
       Punch             ||     1
 Stab: Sleeping          ||     6
  Eat: Chunk             ||    14
Armor: Robe              ||    47
Dodge: Dodged            ||    54
